 Dungeon Crawl Stone Soup version 0.26-a0-690-gcb57259078 (webtiles) character file.

Game seed: 2464064065130245429

1243 robertstho the Conjurer (level 8, 0/87 HPs)
             Began as a Gnoll Conjurer on Oct 23, 2020.
             Was an Initiate of Sif Muna.
             Slain by an orc warrior
             ... wielding a +0 flail
              (15 damage)
             ... on level 5 of the Dungeon.
             The game lasted 00:11:37 (5612 turns).

robertstho the Conjurer (Gnoll Conjurer)            Turns: 5612, Time: 00:11:38

Health: 0/87       AC:  5    Str: 10    XL:     8   Next: 50%
Magic:  2/17       EV: 15    Int: 23    God:    Sif Muna [......]
Gold:   123        SH:  5    Dex: 13    Spells: 5/19 levels left

rFire    x . .     SeeInvis .   f - +2 dagger (venom)
rCold    + . .     Faith    .   (no shield)
rNeg     . . .     Spirit   .   a - +0 robe
rPois    .         Reflect  +   c - +2 hat
rElec    .         Harm     .   o - +0 cloak
rCorr    .         Rampage  .   (no gloves)
MR       .....                  (no boots)
Stlth    ..........             l - amulet of reflection
HPRegen  0.24/turn              C - ring of ice
MPRegen  0.15/turn              (no ring)

@: berserking, very quick
A: distributed training, fangs 1, strong nose
a: Renounce Religion


You were on level 5 of the Dungeon.
You worshipped Sif Muna.
Sif Muna was noncommittal.
You visited 2 branches of the dungeon, and saw 7 of its levels.
You also visited: Ossuary.

You collected 407 gold pieces.
You spent 284 gold pieces at shops.

Inventory:

Hand Weapons
 f - a +2 dagger of venom (weapon)
 p - a +3 quarterstaff of chaos
 r - a +2 hunting sling of freezing
Missiles
 s - 42 stones (quivered)
 B - 11 poisoned darts
Armour
 a - a +0 robe (worn)
 c - a +2 hat (worn)
 o - a +0 cloak (worn)
Jewellery
 l - an amulet of reflection (around neck)
 C - a ring of ice (left hand)
Wands
 w - a wand of iceblast (11)
 y - a wand of digging (5)
Scrolls
 b - a scroll of blinking {unknown}
 d - 4 scrolls of remove curse
 e - 2 scrolls of magic mapping
 g - 3 scrolls of fog {unknown}
 i - 3 scrolls of teleportation {unknown}
Potions
 h - 3 potions of cancellation
 j - a potion of haste {unknown}
 m - 3 potions of flight
 n - 4 potions of brilliance {unknown}
 q - 4 potions of heal wounds {unknown}
 t - a potion of ambrosia {unknown}
 u - 2 potions of berserk rage
 z - 2 potions of invisibility {unknown}
 A - a potion of stabbing


   Skills:
 + Level 3.3 Fighting
 + Level 3.3 Short Blades
 + Level 3.3 Long Blades
 + Level 3.3 Axes
 + Level 3.3 Maces & Flails
 + Level 3.3 Polearms
 + Level 3.3 Staves
 + Level 3.3 Slings
 + Level 3.3 Bows
 + Level 3.3 Crossbows
 + Level 3.3 Throwing
 + Level 3.3 Armour
 + Level 5.7 Dodging
 + Level 5.4 Stealth
 + Level 3.3 Shields
 + Level 3.3 Unarmed Combat
 + Level 6.1 Spellcasting
 + Level 7.6 Conjurations
 + Level 2.7 Hexes
 + Level 2.7 Summonings
 + Level 2.7 Necromancy
 + Level 2.7 Translocations
 + Level 2.7 Transmutations
 + Level 2.7 Fire Magic
 + Level 2.7 Ice Magic
 + Level 2.7 Air Magic
 + Level 2.7 Earth Magic
 + Level 2.7 Poison Magic
 + Level 3.6 Invocations
 + Level 3.3 Evocations


You had 5 spell levels left.
You knew the following spells:

 Your Spells              Type           Power        Failure   Level
a - Magic Dart            Conj           ####         1%          1
b - Searing Ray           Conj           #####.       1%          2
c - Dazzling Flash        Conj/Hex       ####..       3%          3
d - Fulminant Prism       Conj/Hex       ####......   10%         4
e - Iskenderun's Mystic   Conj/Tloc      ####....     10%         4

Your spell library contained the following spells:

 Spells                   Type           Power        Failure   Level


Dungeon Overview and Level Annotations

Branches:
Dungeon (6/15)             Temple (1/1) D:5         Ossuary (visited)

Altars:
Ashenzari
Cheibriados
Gozag
Hepliaklqana
Kikubaaqudgha
Okawaru
Qazlal
Sif Muna
Trog
Vehumet
Wu Jian
Xom

Shops:
D:5 **


Innate Abilities, Weirdness & Mutations

Your experience applies equally to all skills.
You have very sharp teeth.
Your uncanny sense of smell can sniff out nearby items.


Message History

The centaur shoots an arrow.
The arrow barely misses you.
The orc wizard gestures at you while chanting.
The puff of flame hits you! The fire burns you terribly!
* * * LOW HITPOINT WARNING * * *
The centaur shoots an arrow.
The arrow hits you!
* * * LOW HITPOINT WARNING * * *
You block the orc warrior's attack.
You climb upwards.
There is a stone staircase leading down here.
You feel better.
Casting: Iskenderun's Mystic Blast (dangerous; 10% risk of failure)
Confirm with . or Enter, or press ? or * to list all spells.
You don't have enough magic to cast that spell.
Okay, then.
Okay, then.
It was a potion of berserk rage.
A red film seems to cover your vision as you go berserk!
You feel yourself moving faster!
You feel mighty!
The orc warrior hits you with a +0 flail!
You die...

##...##.#.#...##.........########
#.)...#.#.#...##.#######.#
..........#>.....# #.#
.......⌠8........# #.#####
.................# #.....#
.....>.⌠8..###...# #.###.#
.#.........# #.#.# #.# #.#
.##.##.⌠8..###.#o#######.# #.#
.#####.........#@........# #.# ##
##....###.########### #.# ######
#.# #.# #.# #.# #.# #.# #.# #.#
#.# #######.# #.#######.......#
#.........#######


You could see an orc warrior.

Vanquished Creatures
  A wraith (Ossuary)
  Eustachio (D:5)
  Menkaure (D:4)
  A water moccasin (D:5)
  An ice beast (D:5)
  2 ogres (D:4)
  A centaur zombie (D:3)
  2 orc priests (D:6)
  Crazy Yiuf (D:2)
  A jelly (D:5)
  3 orc wizards
  A worker ant (D:5)
  A hound skeleton (D:4)
  A mummy (Ossuary)
  7 adders
  An ufetubus (D:5)
  An ooze (D:5)
  An adder skeleton (D:4)
  A worm (D:2)
  3 leopard geckos
  14 orcs
  3 bats
  9 giant cockroaches
  12 goblins
  8 hobgoblins
  3 jackals (D:3)
  2 quokkas
  A ball python (D:1)
  3 frilled lizards
  6 gnoll skeletons (Ossuary)
  A kobold (D:1)
  7 kobold skeletons (Ossuary)
  12 orc skeletons (Ossuary)
  A quokka skeleton (D:5)
  4 rats
118 creatures vanquished.

Vanquished Creatures (others)
  An orc (D:6)
  19 fulminant prisms
  5 toadstools (D:1)
25 creatures vanquished.

Grand Total: 143 creatures vanquished

Notes
Turn   | Place    | Note
-------+----------+-------------------------------------------
     0 | D:1      | robertstho the Gnoll Conjurer began the quest for the Orb.
     0 | D:1      | Reached XP level 1. HP: 13/13 MP: 6/6
    99 | D:1      | Reached XP level 2. HP: 19/19 MP: 4/7
   108 | D:1      | Learned a level 2 spell: Searing Ray
   697 | D:1      | Reached XP level 3. HP: 25/25 MP: 5/9
   762 | D:1      | Reached skill level 5 in Spellcasting
  1152 | D:2      | Found a runed translucent door.
  1153 | D:2      | Noticed Crazy Yiuf
  1254 | D:2      | Reached skill level 1 in Invocations
  1329 | D:2      | Found a bloodstained altar of Trog.
  1480 | D:2      | Reached skill level 1 in Fighting
  1480 | D:2      | Reached skill level 1 in Short Blades
  1480 | D:2      | Reached skill level 1 in Long Blades
  1480 | D:2      | Reached skill level 1 in Axes
  1480 | D:2      | Reached skill level 1 in Maces & Flails
  1480 | D:2      | Reached skill level 1 in Polearms
  1480 | D:2      | Reached skill level 1 in Staves
  1480 | D:2      | Reached skill level 1 in Slings
  1480 | D:2      | Reached skill level 1 in Bows
  1480 | D:2      | Reached skill level 1 in Crossbows
  1480 | D:2      | Reached skill level 1 in Throwing
  1480 | D:2      | Reached skill level 1 in Armour
  1480 | D:2      | Reached skill level 1 in Shields
  1480 | D:2      | Reached skill level 1 in Unarmed Combat
  1480 | D:2      | Reached skill level 1 in Evocations
  1717 | D:2      | Learned a level 3 spell: Dazzling Flash
  1721 | D:2      | Killed Crazy Yiuf
  1721 | D:2      | Reached XP level 4. HP: 13/32 MP: 6/11
  2111 | D:3      | Reached skill level 1 in Hexes
  2111 | D:3      | Reached skill level 1 in Summonings
  2111 | D:3      | Reached skill level 1 in Necromancy
  2111 | D:3      | Reached skill level 1 in Translocations
  2111 | D:3      | Reached skill level 1 in Transmutations
  2111 | D:3      | Reached skill level 1 in Fire Magic
  2111 | D:3      | Reached skill level 1 in Ice Magic
  2111 | D:3      | Reached skill level 1 in Air Magic
  2111 | D:3      | Reached skill level 1 in Earth Magic
  2111 | D:3      | Reached skill level 1 in Poison Magic
  2129 | D:3      | Found a broken altar of Ashenzari.
  2409 | D:3      | Reached XP level 5. HP: 37/37 MP: 7/12
  2415 | D:3      | Learned a level 4 spell: Fulminant Prism
  2420 | D:3      | Learned a level 4 spell: Iskenderun's Mystic Blast
  2982 | D:4      | Noticed an ogre
  2986 | D:4      | Killed an ogre
  2986 | D:4      | Reached XP level 6. HP: 12/44 MP: 8/13
  3044 | D:4      | Noticed Menkaure
  3054 | D:4      | Killed Menkaure
  3054 | D:4      | Reached skill level 5 in Dodging
  3166 | D:4      | Reached XP level 7. HP: 18/50 MP: 0/15
  3223 | D:4      | Found a sand-covered staircase.
  3230 | Ossuary  | Entered an ossuary
  3230 | Ossuary  | Noticed a wraith
  3230 | Ossuary  | Noticed a wraith
  3230 | Ossuary  | Noticed a wraith
  3516 | Ossuary  | Noticed a wraith
  3525 | Ossuary  | Killed a wraith
  3951 | D:4      | Reached skill level 5 in Stealth
  4475 | D:5      | Entered Level 5 of the Dungeon
  4489 | D:5      | Noticed Eustachio
  4498 | D:5      | Killed Eustachio
  4498 | D:5      | Reached XP level 8. HP: 57/57 MP: 4/16
  4806 | D:5      | Found a staircase to the Ecumenical Temple.
  4874 | Temple   | Entered the Ecumenical Temple
  4947 | Temple   | Became a worshipper of Sif Muna the Loreminder
  5002 | D:5      | Found Gozag's Platinum Reserve.
  5002 | D:5      | Found an opulent altar of Gozag.
  5259 | D:5      | Found Ivvamm's Assorted Antiques.
  5269 | D:5      | Bought a large peridot ring for 160 gold pieces
  5269 | D:5      | Bought a scroll labeled ZALAUWNU ONENN for 32 gold pieces
  5269 | D:5      | Bought a scroll labeled ZALAUWNU ONENN for 32 gold pieces
  5269 | D:5      | Bought a fuming red potion for 28 gold pieces
  5269 | D:5      | Bought a scroll labeled ESIZAYC QONU for 32 gold pieces
  5612 | D:5      | Slain by an orc warrior

Illustrated notes

Levels and vault maps discovered:
D:1:      ldierk_walled_garden, layout_loops_ring, chequers_mini_garden,
          minmay_worlds_worst_comb
D:2:      layout_rooms, marbit_many_paths, grunt_decor_one_mirror,
          uniq_crazy_yiuf_cottage
D:3:      layout_basic, evilmike_ruin_ashenzari, grunt_decor_mini_mirrors,
          corexii_leaking_fountain
D:4:      layout_basic, chequers_ossuary_entry_cave, st_stairs_13, uniq_menkaure
D:5:      layout_loops_ring, minmay_temple_entry_drinking_statues, serial_shops,
          shop_coins, nicolae_gozag_zags_fifth_avenue, uniq_eustachio
D:6:      layout_rooms, bloody_makhleb, cheibrodos_sewer_entry_bend
Temple:   nicolae_temple_great_sept

Skill      XL: |  1  2  3  4  5  6  7  8 |
---------------+-------------------------+-----
Spellcasting   | 5 6 |  6.1
Invocations    | 1 2 3 |  3.6
Fighting       | 1 2 3 |  3.3
Short Blades   | 1 2 3 |  3.3
Long Blades    | 1 2 3 |  3.3
Axes           | 1 2 3 |  3.3
Maces & Flails | 1 2 3 |  3.3
Polearms       | 1 2 3 |  3.3
Staves         | 1 2 3 |  3.3
Slings         | 1 2 3 |  3.3
Bows           | 1 2 3 |  3.3
Crossbows      | 1 2 3 |  3.3
Throwing       | 1 2 3 |  3.3
Armour         | 1 2 3 |  3.3
Shields        | 1 2 3 |  3.3
Unarmed Combat | 1 2 3 |  3.3
Evocations     | 1 2 3 |  3.3
Hexes          | 1 2 |  2.7
Summonings     | 1 2 |  2.7
Necromancy     | 1 2 |  2.7
Translocations | 1 2 |  2.7
Transmutations | 1 2 |  2.7
Fire Magic     | 1 2 |  2.7
Ice Magic      | 1 2 |  2.7
Air Magic      | 1 2 |  2.7
Earth Magic    | 1 2 |  2.7
Poison Magic   | 1 2 |  2.7
Dodging        | 5 |  5.7
Stealth        | 5 |  5.4
Conjurations   | |  7.6

Action                   |  1- 3 |  4- 6 |  7- 9 || total
-------------------------+-------+-------+-------++-------
Melee: Dagger            |    51 |    20 |    10 ||    81
       Bite              |     3 |     3 |       ||     6
       Punch             |       |       |     1 ||     1
 Cast: Magic Dart        |    34 |     8 |     1 ||    43
       Searing Ray       |     2 |    14 |    26 ||    42
       Fulminant Prism   |       |     2 |    17 ||    19
       Iskenderun's Myst |       |       |     2 ||     2
  Use: Potion            |       |     2 |     2 ||     4
       Scroll            |       |       |     8 ||     8
 Stab: Sleeping          |     3 |     2 |       ||     5
Armor: Robe              |     9 |     2 |     2 ||    13
Dodge: Dodged            |    37 |    20 |    16 ||    73
Block: Other             |     1 |     3 |     3 ||     7

Table legend: (Time is in decaauts)
 A = Elapsed time spent in this place.
 B = Non-inter-level travel time spent in this place.
 C = Inter-level travel time spent in this place.
 D = Time resting spent in this place.
 E = Time spent auto-exploring this place.
 F = Levels seen in this place.
 G = Mean time per level.
                   A        B        C        D        E       F      G
               +--------+--------+--------+--------+--------+-----+--------+
         Total |   5589 |   5444 |    145 |    719 |   3765 |   8 |  698.6 |
       Dungeon |   4790 |   4656 |    134 |    326 |   3563 |   6 |  798.3 |
        Temple |     83 |     73 |     10 |      0 |     67 |   1 |   83.0 |
       Ossuary |    716 |    716 |      0 |    393 |    135 |   1 |  716.0 |
               +--------+--------+--------+--------+--------+-----+--------+

Top non-repeatable levels by time:
     D:1: 1090 daAuts
     D:5: 1046 daAuts
     D:3: 991 daAuts
     D:2: 845 daAuts
     D:4: 810 daAuts
 Ossuary: 716 daAuts
  Temple: 83 daAuts
     D:6: 5 daAuts
